Map: Central Protocol

Players

Hiep

  • Race: Protoss Protoss
  • League: Platinum

Grumm - Winner!

  • Race: Protoss Protoss
  • League: Gold

VOD

Have the link to the VOD?

Description

Time

  • Played on: Jan. 7, 2016, 7:02 p.m.
  • Length: 9:22
Show
View Real Time Build Order
Export as new Build Order

Hiep Protoss 

Build Orders:  

Get SALT Encoding   

  12  0:02  Probe (Chrono Boost)  
  13  0:12  Probe (Chrono Boost)  
  14  0:18  Pylon  
  14  0:25  Probe (Chrono Boost)  
  15  0:38  Gateway  
  15  0:42  Assimilator  
  15  0:44  Probe (Chrono Boost)  
  16  0:57  Assimilator  
  16  1:20  Probe (Chrono Boost)  
  17  1:26  Cybernetics Core  
  17  1:31  Probe (Chrono Boost)  
  18  1:41  Probe (Chrono Boost)  
  18  1:43  Gateway  
  19  1:52  Probe (Chrono Boost)  
  20  2:06  Mothership Core (Chrono Boost)  
  20  2:07  Warp Gate  
  21  2:20  Gateway  
  21  2:28  Probe (Chrono Boost)  
  22  2:36  Pylon  
  22  2:41  Probe (Chrono Boost)  
  23  2:54  Adept  
  25  3:08  Pylon  
  25  3:10  Pylon  
  25  3:17  Probe (Chrono Boost)  
  26  3:28  Probe (Chrono Boost)  
  27  3:38  Probe (Chrono Boost)  
  28  3:41  Adept x2  
  28  3:42  Adept  
  34  3:49  Probe (Chrono Boost)  
  34  3:54  Pylon  
  35  3:59  Probe (Chrono Boost)  
  36  4:05  Pylon  
  36  4:16  Pylon x2  
  36  4:20  Pylon  
  33  5:08  Probe (Chrono Boost)  
  33  5:13  Pylon  
  34  5:14  Pylon  
  34  5:16  Stalker x2  
  34  5:17  Stalker  
  34  5:19  Probe (Chrono Boost)  
  35  5:46  Nexus  
  35  5:47  Pylon  
  35  5:49  Pylon  
  29  6:05  Twilight Council  
  29  6:07  Stalker x3  
  29  6:08  Forge  
  35  6:17  Robotics Facility  
  35  6:23  Pylon  
  35  6:31  Stalker  
  37  6:34  Stalker  
  37  6:36  Blink, Sentry  
  41  6:41  Protoss Ground Weapons Level 1 (Chrono Boost)  
  41  6:50  Probe (Chrono Boost)  
  42  6:58  Probe (Chrono Boost)  
  42  7:01  Probe (Chrono Boost)  
  44  7:03  Stalker  
  46  7:09  Probe (Chrono Boost)  
  46  7:11  Probe (Chrono Boost)  
  48  7:19  Warp Prism (Chrono Boost)  
  51  7:22  Probe  
  51  7:23  Probe  
  52  7:32  Pylon  
  52  7:39  Sentry x2  
  56  7:46  Gateway  
  56  7:49  Gateway  
  56  8:01  Stalker  
  56  8:02  Stalker  
  56  8:03  Adept  
  52  8:20  Mothership Core  
  52  8:24  Stalker x2  
  52  8:25  Stalker  
  42  8:46  Stalker  
  42  8:47  Stalker x2  
  41  8:55  Mothership Core  
  35  9:03  Stalker  
  35  9:09  Stalker  
Show
View Real Time Build Order
Export as new Build Order

Grumm Protoss - Winner!

Build Orders:  

Get SALT Encoding   

  12  0:01  Probe (Chrono Boost)  
  13  0:11  Probe (Chrono Boost)  
  14  0:23  Probe (Chrono Boost)  
  14  0:24  Pylon  
  15  0:34  Assimilator  
  15  0:42  Probe (Chrono Boost)  
  16  0:48  Gateway  
  16  0:52  Probe (Chrono Boost)  
  17  1:03  Probe (Chrono Boost)  
  18  1:11  Assimilator  
  18  1:14  Probe (Chrono Boost)  
  19  1:18  Pylon  
  19  1:32  Probe (Chrono Boost)  
  20  1:48  Nexus  
  20  1:51  Probe (Chrono Boost)  
  21  2:00  Cybernetics Core  
  21  2:18  Zealot  
  21  2:19  Pylon  
  23  2:24  Probe (Chrono Boost)  
  24  2:36  Pylon  
  24  2:38  Probe (Chrono Boost)  
  25  2:45  Stalker  
  25  2:46  Warp Gate (Chrono Boost)  
  27  3:01  Gateway  
  27  3:06  Mothership Core, Pylon  
  23  3:49  Stalker  
  23  3:52  Stalker  
  26  3:59  Gateway  
  26  4:02  Gateway  
  19  5:13  Stalker x3  
  19  5:14  Stalker  
  20  5:38  Stalker x2  
  20  5:39  Zealot  
  20  5:40  Zealot  
  26  6:00  Probe  
  26  6:03  Probe  
  28  6:12  Probe  
  28  6:13  Probe  
  28  6:18  Zealot  
  32  6:24  Probe x2  
  34  6:42  Probe  
  34  6:44  Probe  
  34  6:46  Zealot x2  
  40  7:05  Pylon  
  40  7:09  Zealot  
  42  7:16  Probe  
  43  7:24  Sentry  
  43  7:25  Sentry  
  47  7:40  Stalker  
  49  7:46  Stalker  
  51  8:03  Stalker  
  53  8:06  Zealot  
  49  8:18  Stalker  
  37  8:39  Adept x2  
  41  8:42  Adept  
  37  9:17  Stalker x2  
  37  9:18  Stalker  
Tags
 
Add a new tag
Caveats
  • Supply blocks, unpowered buildings, or Contaminate may cause inaccurate times.
  • Supply counts are checked every 10 seconds.